 Dungeon Sprint DCSS version 0.30.1-4-g462c640d31 (webtiles) character file.

Game seed: 17260697141457960033

6260 Heoruswealwe the Spry (level 10, -3/44 HPs)
             Began as a Spriggan Artificer on Aug 24, 2023.
             Was a High Priest of Sif Muna.
             Slain by a demonic crawler (18 damage)
             ... in the Dungeon (Sprint I: "Red Sonja").
             The game lasted 00:12:04 (549 turns).

Heoruswealwe the Spry (Spriggan Artificer)           Turns: 549, Time: 00:12:05

Health: -3/44      AC:  2    Str:  8    XL:     10   Next: 62%
Magic:  28/28      EV: 27    Int: 17    God:    Sif Muna [*****.]
Gold:   692        SH:  0    Dex: 16    Spells: 36/36 levels left

rFire   . . .        o - +0 short sword (venom)
rCold   . . .        (no shield)
rNeg    . . .        b - +0 robe
rPois   .            (helmet restricted)
rElec   .            (no cloak)
rCorr   .            (gloves unavailable)
SInv    +            (boots unavailable)
Will    +....        (no amulet)
Stlth   +++++        (no ring)
HPRegen 0.27/turn    (no ring)
MPRegen 0.21/turn

%: no teleportation, random rage (3%)
@: unable to drink, very quick
A: very small, no large weapons, unfitting armour, see invisible, speed 3,
berserk 1, deterioration 2, screaming 1, subdued magic 1, inability to drink
after injury 1
a: Renounce Religion, Channel Magic, Forget Spell, Divine Exegesis


You were in the Dungeon.
You worshipped Sif Muna.
Sif Muna was extremely pleased with you.
You visited 1 branch You collected 846 gold pieces.
You spent 154 gold pieces at shops.

Inventory:

Hand Weapons
 o - a +0 short sword of venom (weapon)
Armour
 b - a +0 robe (worn)
Wands
 c - a wand of flame (1) (quivered)
Scrolls
 k - a scroll of blinking
 l - 2 scrolls of brand weapon
 m - 2 scrolls of identify
Potions
 a - a potion of mutation
 f - 3 potions of curing
 g - a potion of heal wounds
 h - a potion of haste
 i - 2 potions of magic
 j - a potion of berserk rage
 n - 2 potions of flight


   Skills:
 - Level 0.7 Fighting
 * Level 15.2 Dodging
 + Level 12.8 Stealth
 * Level 13.7 Spellcasting
 + Level 9.8 Hexes
 + Level 11.6 Translocations
 * Level 14.8 Transmutations
 + Level 11.5 Evocations


You had 36 spell levels left.
You didn't know any spells.
Your spell library contained the following spells:

 Spells                   Type           Power      Damage    Failure   Level
 Petrify                  Tmut/Erth      28%        N/A       1%          4
 Sandblast                Erth           16%        2d6       4%          1
 Leda's Liquefaction      Hex/Erth       10%        N/A       6%          4
 Irradiate                Conj/Tmut      14%        3d16      6%          5
 Sublimation of Blood     Necr           8%         N/A       7%          2
 Animate Armour           Summ/Erth      16%        N/A       45%         4
 Starburst                Conj/Fire      4%         6d3       100%        6


Dungeon Overview and Level Annotations

Branches:
Dungeon (1/1)

Altars:
Cheibriados
Dithmenos
Elyvilon
Fedhas
Gozag
Hepliaklqana
Kikubaaqudgha
Makhleb
Nemelex Xobeh
Okawaru
Qazlal
Ru
Sif Muna
Trog
Uskayaw
Vehumet
Wu Jian
Xom
Yredelemnul
Zin
The Shining One
Jiyva
Lugonu

Shops:
D =*!??=[


Innate Abilities, Weirdness & Mutations

You are very small and have problems with some larger weapons.
You are too small for most types of armour.
You have supernaturally acute eyesight. (SInv)
You cover ground extremely quickly. (Speed+++)
You sometimes lose your temper in combat.
Your body often deteriorates upon taking damage.
You occasionally shout uncontrollably at your foes.
Your spells are a little easier to cast, but a little less powerful.
You occasionally lose the ability to drink potions when taking damage.


Message History

You open the door.
The demonic crawler is no longer charmed.
Your demonic crawler hits the demonic crawler!
Your demonic crawler barely misses the demonic crawler.
Your demonic crawler hits the demonic crawler!
The demonic crawler hits your demonic crawler.
The demonic crawler hits your demonic crawler but does no damage.
The demonic crawler closely misses your demonic crawler.
Your demonic crawler hits the demonic crawler!
Your demonic crawler hits the demonic crawler but does no damage. x2
Found 17 gold pieces and a scale mail. 2 centaur warriors come into view.
The demonic crawler hits your demonic crawler.
The demonic crawler hits your demonic crawler but does no damage.
The demonic crawler hits your demonic crawler.
Your demonic crawler barely misses the demonic crawler. x2
Your demonic crawler closely misses the demonic crawler.
The demonic crawler barely misses your demonic crawler.
The demonic crawler completely misses your demonic crawler.
The demonic crawler closely misses your demonic crawler.
The centaur warrior moves out of view. x2
Your demonic crawler hits the demonic crawler.
Your demonic crawler hits the demonic crawler!
Your demonic crawler hits the demonic crawler but does no damage.
The demonic crawler hits your demonic crawler.
The demonic crawler hits your demonic crawler! x2
There is a shimmering blue altar of Sif Muna here.
The demonic crawler is no longer charmed.
Aiming: Charm
Press: ? - help, Shift-Dir - straight line, f - demonic crawler
Aim: a demonic crawler (moderately wounded, chance to affect: 39%)
The demonic crawler resists with some effort.
The now-empty wand crumbles to dust.
The demonic crawler completely misses you.
The demonic crawler misses you. x2
You hit the demonic crawler but do no damage.
The demonic crawler is moderately wounded.
The demonic crawler hits you!!
You feel threatened and lose the ability to drink potions!
You die...

##########################
#<.#..'..#..'†.#__#..)...#
#..)..#..').#..'..'†)#.s.#
#..#####'#####'#__####
..'.
#..####..#...#.####$[# ##.
#..#__####..##[#§§§§c#
#..#_____##'#_ss§§§..+
#⌠⌠#_.∩...'..)@#~~§.c#
####_..__##_.#'##+###
#_____###'#.#..([###
############.####'###.##
#∩........'...'.....'.∩#
###''''####...##########
#.......####.###
#........#.#'#.#
#..#.....#.....#


You could see 2 demonic crawlers.

Vanquished Creatures
  Sonja (D)
  A deep troll (D)
  A slime creature (D)
  Sigmund (D)
  A yak (D)
  A floating eye (D)
  An ogre (D)
  A jelly (D)
  Ijyb (D)
  A ballistomycete spore (D)
10 creatures vanquished.

Vanquished Creatures (collateral kills)
  8 shining eyes (D)
  2 demonic crawlers (D)
  2 kobold demonologists (D)
  4 floating eyes (D)
16 creatures vanquished.

Vanquished Creatures (others)
  A ballistomycete spore (D)
1 creature vanquished.

Grand Total: 27 creatures vanquished

Notes
Turn   | Place    | Note
-------+----------+-------------------------------------------
     0 | D        | Heoruswealwe the Spriggan Artificer began the quest for the
                  | Orb.
     0 | D        | Reached XP level 1. HP: 9/9 MP: 2/2
     1 | D        | Noticed Ijyb
     7 | D        | Killed Ijyb
     8 | D        | Reached skill level 4 in Dodging
     8 | D        | Reached skill level 1 in Hexes
     8 | D        | Reached XP level 2. HP: 14/14 MP: 2/6
    12 | D        | Noticed an ogre
    19 | D        | Killed an ogre
    20 | D        | Reached skill level 6 in Dodging
    20 | D        | Reached skill level 5 in Transmutations
    20 | D        | Reached skill level 5 in Evocations
    20 | D        | Reached XP level 3. HP: 17/17 MP: 2/10
    20 | D        | Reached XP level 4. HP: 21/21 MP: 2/11
    35 | D        | Noticed Sigmund
    39 | D        | Killed Sigmund
    40 | D        | Reached skill level 7 in Dodging
    40 | D        | Reached skill level 5 in Translocations
    40 | D        | Reached XP level 5. HP: 14/25 MP: 4/14
   110 | D        | Found an ornate altar of the Wu Jian Council.
   110 | D        | Found a shimmering blue altar of Sif Muna.
   112 | D        | Found a radiant altar of Vehumet.
   117 | D        | Reached skill level 8 in Dodging
   117 | D        | Reached XP level 6. HP: 29/29 MP: 14/16
   129 | D        | Became a worshipper of Sif Muna the Loreminder
   146 | D        | Found Vililig's Magic Scroll Emporium.
   146 | D        | Found an ancient bone altar of Kikubaaqudgha.
   146 | D        | Found a hazy altar of Hepliaklqana.
   146 | D        | Found a stormy altar of Qazlal.
   146 | D        | Found a hide-covered altar of Uskayaw.
   146 | D        | Found a blossoming altar of Fedhas.
   146 | D        | Found a bloodstained altar of Trog.
   146 | D        | Found an iron altar of Okawaru.
   146 | D        | Found a basalt altar of Yredelemnul.
   146 | D        | Found a glowing golden altar of the Shining One.
   146 | D        | Found a snail-covered altar of Cheibriados.
   146 | D        | Found a sacrificial altar of Ru.
   146 | D        | Found a glowing silver altar of Zin.
   146 | D        | Found a shadowy altar of Dithmenos.
   146 | D        | Found a white marble altar of Elyvilon.
   146 | D        | Noticed a yak
   153 | D        | Killed a yak
   154 | D        | Reached skill level 9 in Dodging
   154 | D        | Reached skill level 5 in Hexes
   157 | D        | Found an opulent altar of Gozag.
   158 | D        | Found a sparkling altar of Nemelex Xobeh.
   162 | D        | Bought a scroll of identify for 24 gold pieces
   168 | D        | Noticed Sonja
   170 | D        | Killed Sonja
   171 | D        | Reached skill level 10 in Dodging
   171 | D        | Reached skill level 10 in Transmutations
   171 | D        | Reached XP level 7. HP: 32/32 MP: 17/20
   227 | D        | Found Fyuterib's Jewellery Boutique.
   247 | D        | Noticed a deep troll
   260 | D        | Noticed a shining eye
   260 | D        | Noticed a shining eye
   260 | D        | Noticed a shining eye
   260 | D        | Gained mutation: Your spells are a little easier to cast,
                  | but a little less powerful. [a shining eye]
   273 | D        | Paralysed by a floating eye for 4 turns
   275 | D        | Killed a shining eye
   275 | D        | Reached * piety under Sif Muna
   276 | D        | Reached skill level 11 in Dodging
   276 | D        | Reached XP level 8. HP: 37/37 MP: 20/22
   277 | D        | Reached skill level 10 in Spellcasting
   282 | D        | Noticed a shining eye
   284 | D        | Paralysed by a floating eye for 4 turns
   284 | D        | Killed a shining eye
   284 | D        | Reached ** piety under Sif Muna
   285 | D        | Reached skill level 12 in Dodging
   285 | D        | Reached skill level 10 in Stealth
   286 | D        | Killed a shining eye
   287 | D        | Reached XP level 9. HP: 30/40 MP: 22/25
   296 | D        | Killed a shining eye
   297 | D        | Reached skill level 13 in Dodging
   297 | D        | Reached skill level 10 in Evocations
   299 | D        | Reached *** piety under Sif Muna
   300 | D        | Noticed a shining eye
   300 | D        | Noticed a shining eye
   308 | D        | Gained mutation: You sometimes lose your temper in combat.
                  | [a shining eye]
   309 | D        | Gained mutation: You occasionally lose the ability to drink
                  | potions when taking damage. [a shining eye]
   310 | D        | Killed a shining eye
   311 | D        | Reached skill level 10 in Translocations
   311 | D        | Gained mutation: Your body sometimes deteriorates upon
                  | taking damage. [a shining eye]
   316 | D        | Killed a shining eye
   321 | D        | Noticed a shining eye
   321 | D        | Noticed a shining eye
   323 | D        | Killed a shining eye
   323 | D        | Reached **** piety under Sif Muna
   324 | D        | Reached skill level 14 in Dodging
   324 | D        | Reached XP level 10. HP: 43/44 MP: 27/27
   324 | D        | Gained mutation: Your body often deteriorates upon taking
                  | damage. [a shining eye]
   326 | D        | Gained mutation: You occasionally shout uncontrollably at
                  | your foes. [a shining eye]
   331 | D        | Killed a shining eye
   343 | D        | Killed a deep troll
   362 | D        | Found Zaofaplu's Armour Emporium.
   405 | D        | Found Ugablup's Magic Scroll Shop.
   405 | D        | Found Daimoq's General Store.
   405 | D        | Found Yzeummi's Jewellery Boutique.
   405 | D        | Found Ihauz's Distillery.
   410 | D        | Bought a scroll of identify for 24 gold pieces
   412 | D        | Bought a potion of mutation for 80 gold pieces
   421 | D        | Bought a scroll of identify for 26 gold pieces
   450 | D        | Found a burning altar of Makhleb.
   450 | D        | Found a viscous altar of Jiyva.
   450 | D        | Found a shimmering altar of Xom.
   450 | D        | Found a corrupted altar of Lugonu.
   492 | D        | Noticed a sun demon
   500 | D        | Reached ***** piety under Sif Muna
   501 | D        | Noticed a demonic crawler
   501 | D        | Noticed a demonic crawler
   506 | D        | Noticed a demonic crawler
   507 | D        | Noticed a demonic crawler
   507 | D        | Received a gift from Sif Muna
   510 | D        | Got Sif Muna's Vademecum on Tropical Excavation {god gift}
   515 | D        | Killed a demonic crawler
   516 | D        | Reached skill level 15 in Dodging
   524 | D        | Killed a demonic crawler
   545 | D        | Noticed a centaur warrior
   545 | D        | Noticed a centaur warrior
   549 | D        | Slain by a demonic crawler

Illustrated notes

Levels and vault maps discovered:
D:        dungeon_sprint_1 [red_sonja_temple_1, red_sonja_temple_small_1]

Skill      XL: |  1  2  3  4  5  6  7  8  9 10 |
---------------+-------------------------------+-----
Dodging        | 4 6 7 8 10 11 12 14 15 | 15.2
Stealth        | 3 4 6 8 9 10 11 12 | 12.8
Spellcasting   | 2 4 6 9 11 12 13 | 13.7
Hexes          | 1 3 4 6 7 9 |  9.8
Translocations | 2 3 5 7 8 9 10 11 | 11.6
Transmutations | 2 5 6 7 10 12 13 14 | 14.8
Evocations     | 5 6 8 9 10 11 | 11.5
Fighting       | |  0.7

Action                     |  1- 3 |  4- 6 |  7- 9 | 10-12 || total
---------------------------+-------+-------+-------+-------++-------
  Melee: Short sword       |       |       |     1 |     9 ||    10
  Evoke: Wand              |     8 |    12 |     5 |    16 ||    41
    Use: Scroll            |       |     1 |       |     1 ||     2
   Stab: Sleeping          |       |       |     1 |       ||     1
 Armour: Robe              |       |       |       |     1 ||     1
  Dodge: Dodged            |     3 |     2 |     4 |     8 ||    17
